 Dungeon Crawl Stone Soup version bcrawl-1.21.3 (webtiles) character file.

Game seed: 6875645022409372187

460 Flugslaktarn the Chopper (level 6, 0/36 HPs)
             Began as a Skeleton Archaeologist on Mar 30, 2020.
             Slain by an orc wizard
             ... wielding a +0 dagger
              (2 damage)
             ... on level 4 of the Dungeon.
             The game lasted 00:03:12 (5206 turns).

Flugslaktarn the Chopper (Skeleton Archaeologist)   Turns: 5206, Time: 00:03:13

Health: 0/36       AC: 15    Str: 19      XL:     6   Next: 78%
Magic:  0/6        EV:  2    Int: 13      God:
Gold:   228        SH: 11    Dex:  6 (7)  Spells: 5/5 levels left

rFire    . . .     SeeInvis .   l - +1 hand axe
rCold    + . .     Gourm    .   j - +0 large shield
rNeg     + + +     Faith    .   n - +0 plate armour
rPois    ∞         Spirit   +   c - +1 hat
rElec    .         Reflect  .   (no cloak)
rCorr    .         Harm     .   q - +0 pair of gloves
MR       .....                  d - +1 pair of boots
Stlth    ..........             (no amulet)
HPRegen  0.12/turn              p - +1 ring of protection
MPRegen  0.10/turn              o - ring of attention (curse)

@: no status effects
A: no food or potions, cold resistance 1, deterioration 1, negative energy
resistance 3, powered by death 1, torment resistance, unbreathing, magic shield,
sturdy frame 1, spell healing
a: no special abilities


You were on level 4 of the Dungeon.
You were not hungry.

You visited 2 branches of the dungeon, and saw 5 of its levels.
You also visited: Sewer.

You collected 228 gold pieces.

Inventory:

Hand Weapons
 a - a +0 whip
 l - a +1 hand axe (weapon)
   (You found it on level 1 of the Dungeon)
Armour
 c - a +1 hat (worn)
 d - a +1 pair of boots (worn)
 j - a +0 large shield (worn)
   (You found it on level 1 of the Dungeon)
 n - a +0 plate armour (worn)
   (You found it on level 3 of the Dungeon)
 q - a +0 pair of gloves (worn)
   (You found it on level 2 of the Dungeon)
Jewellery
 o - a cursed ring of attention (right hand)
   (You found it on level 4 of the Dungeon)
 p - a +1 ring of protection (left hand)
   (You found it on level 1 of the Dungeon)
Wands
 s - a wand of acid (7)
   (You found it on level 4 of the Dungeon)
Scrolls
 b - 2 scrolls of blinking {unknown}
 e - a scroll of magic mapping
 f - a scroll of acquirement
 g - a scroll of immolation
 h - a scroll of fear
 i - a scroll of fog
 k - a scroll of enchant weapon
 m - a scroll of enchant armour {unknown}
 r - a scroll of identify
 t - a scroll of teleportation
 x - 4 scrolls of remove curse


   Skills:
 - Level 2.4 Fighting
 + Level 7.7(7.8) Axes
 - Level 1.2(5.0) Maces & Flails
 - Level 0.6 Armour
 - Level 3.0 Dodging
 - Level 3.6 Stealth
 - Level 0.9 Shields


You had 5 spell levels left.
You didn't know any spells.
Your spell library was empty.

Dungeon Overview and Level Annotations

Branches:
Dungeon (4/12)             Temple (1/1) D:4

Altars:
Ashenzari
Cheibriados
Dithmenos
Elyvilon
Fedhas
Hepliaklqana
Lugonu
Makhleb
Okawaru
Ru
Sif Muna
Wu Jian
Xom
Zin
The Shining One

Shops:
D:4 =


Innate Abilities, Weirdness & Mutations

You do not eat or drink.
You are immune to poison.
Your flesh is cold resistant. (rC+)
Your body sometimes deteriorates upon taking damage.
You are immune to negative energy. (rN+++)
You regenerate a little health from kills.
You are immune to unholy pain and torment.
You can survive without breathing.
When hurt, damage is shared between your health and your magic reserves.
Your movements are slightly less encumbered by armour. (ER -2)
Casting spells heals you.


Message History

You hit the orc wizard.
The orc wizard is almost dead.
The orc wizard gestures wildly while chanting.
The orc wizard flickers and vanishes!
Deactivating autopickup; reactivate with Ctrl-A.
Your shield and plate armour prevent you from hitting something.
Something hits you but does no damage.
Your shield prevents you from hitting something.
Something hits you but does no damage.
You hear some strange, mumbled words.
A magic dart appears from out of thin air!
The magic dart hits you but does no damage.
Your shield and plate armour prevent you from hitting something.
Something hits you but does no damage.
You miss something. Something hits you.
* * * LOW HITPOINT WARNING * * *
Something hits you but does no damage.
You hit something.
Something hits you but does no damage. x2
You closely miss something. Something hits you.
You die...

#...#.........#.......####
....
#......>..............
....
#..#.%.......#....##....
.... #..#..⌠...⌠..#....#
.... ....
#.................# ...
.#.. #..#.........#....#
#.. #####.##.##.##....#
#.. ...............# ..
....###+##.@{..## ...
#?))..# #.........
.......... .#.#.......
..#.#....... .. ..#.......
... .. ....... .. ##


There were no monsters in sight!

Vanquished Creatures
  A phantom (D:4)
  A big kobold (Sewer)
  A crimson imp (D:4)
  An orc priest (D:4)
  A centaur skeleton (D:4)
  A worker ant (D:4)
  A hound zombie (D:3)
  A hound skeleton (D:4)
  5 adders
  A river rat (Sewer)
  2 oozes (D:2)
  An adder skeleton (D:4)
  An adder zombie (D:3)
  3 worms (D:2)
  A dart slug (D:1)
  3 orcs
  6 bats
  3 giant cockroaches
  10 hobgoblins
  7 jackals
  2 quokkas (D:3)
  5 frilled lizards
  7 goblins
  14 kobolds
  6 rats
85 creatures vanquished.

Notes
Turn   | Place    | Note
-------+----------+-------------------------------------------
     0 | D:1      | Flugslaktarn the Skeleton Archaeologist began the quest for
                  | the Orb.
     0 | D:1      | Reached XP level 1. HP: 12/12 MP: 1/1
   147 | D:1      | Reached XP level 2. HP: 5/17 MP: 2/2
  1282 | D:2      | Reached skill level 1 in Axes
  1282 | D:2      | Reached XP level 3. HP: 3/22 MP: 3/3
  2080 | D:2      | Reached skill level 2 in Axes
  2752 | D:3      | Reached skill level 3 in Axes
  2791 | D:3      | Reached XP level 4. HP: 27/27 MP: 4/4
  3104 | D:3      | Found a glowing drain.
  3113 | Sewer    | Entered a sewer
  3236 | Sewer    | Noticed a big kobold
  3294 | Sewer    | Killed a big kobold
  3294 | Sewer    | Reached skill level 5 in Axes
  3294 | Sewer    | Reached XP level 5. HP: 19/31 MP: 5/5
  3294 | Sewer    | Identified a scroll of acquirement
  3428 | Sewer    | Found a white marble altar of Elyvilon.
  4313 | D:4      | Noticed a phantom
  4387 | D:4      | Killed a phantom
  4387 | D:4      | Reached skill level 6 in Axes
  4387 | D:4      | Gained mutation: You regenerate a little health from kills.
                  | [Skeleton growth]
  4387 | D:4      | Reached XP level 6. HP: 26/36 MP: 6/6
  4573 | D:4      | Found Suxkoobu's Jewellery Shoppe.
  4749 | D:4      | Reached skill level 7 in Axes
  4860 | D:4      | Found a staircase to the Ecumenical Temple.
  4869 | Temple   | Entered the Ecumenical Temple
  5191 | D:4      | HP: 1/36 [orc priest/divine providence (10)]
  5206 | D:4      | Slain by an orc wizard

Skill      XL: |  1  2  3  4  5  6 |
---------------+-------------------+-----
Fighting       | 2 |  2.4
Axes           | 1 3 5 6 7 |  7.7
Maces & Flails | |  1.2
Armour         | |  0.6
Dodging        | |  3.0
Stealth        | |  3.6
Shields        | |  0.9

Action                   |  1- 3 |  4- 6 || total
-------------------------+-------+-------++-------
Melee: Whip              |   119 |       ||   119
       Hand axe          |   110 |   380 ||   490
  Use: Scroll            |       |     9 ||     9
 Stab: Sleeping          |     1 |       ||     1
Armor: Robe              |    60 |       ||    60
       Scale mail        |    33 |    46 ||    79
       Plate armour      |       |   157 ||   157
Dodge: Dodged            |    74 |    41 ||   115
Block: Large shield      |   128 |   219 ||   347
